AoeStats
← TW-清德阿公

Black Forest

509374695Analyzed
4v4 RM · 7d ago on Sep 26, 2026· 50m 11s· 8 players
Game mode
Random Map
Map size
Large (8 player)
Population
200
Speed
Normal
Resources
Standard
Victory
Conquest
Starting age
Dark Age
Ending age
Imperial Age
RankedLock teamsTeams togetherTeam positionsShared explorationLock speedFull tech treeHidden civsTurbo modeCheats
Victory
Defeat
🇮🇳 Hindustanis · India
1183
+13
🇭🇰 Danes · Hong Kong SAR China
1160
+14
🇹🇼 Byzantines · Taiwan
1128
+15
🇭🇰 Franks · Hong Kong SAR China
1039
+18
🇬🇧 Hindustanis · United Kingdom
1121
-16
🇨🇿 Persians · Czechia
1107
-15
🇨🇳 Cumans · China
1099
-15
1088
-14
The Iron Marshal
5:27 Loom
11:42 Feudal Age
15:37 Castle Age
14:22 Double-Bit Axe
14:20 Horse Collar
17:05 Bow Saw
23:01 Wheelbarrow
23:11 Heavy Plow
24:21 Bloodlines
26:09 Husbandry
26:46 Scale Barding Armor
27:31 Hand Cart
28:30 Chain Barding Armor
28:22 Forging
32:16 Imperial Age
30:56 Iron Casting
30:39 Gold Mining
30:41 Stone Mining
32:42 Town Watch
33:34 Plate Barding Armor
33:59 Blast Furnace
32:25 Heavy Camel Rider
34:33 Chemistry
34:33 Town Patrol
34:35 Imperial Camel Rider
44:00 Light Cavalry
45:20 Grand Trunk Road
45:40 Conscription
46:43 Caravan
47:26 Fletching
TW-清德阿公
0:27 Loom
13:23 Feudal Age
14:06 Double-Bit Axe
18:13 Castle Age
16:08 Horse Collar
19:06 Bow Saw
19:00 Heavy Plow
19:55 Fletching
21:18 Wheelbarrow
22:44 Bodkin Arrow
28:51 Stone Mining
28:52 Gold Mining
29:45 Scale Mail Armor
29:55 Forging
35:18 Imperial Age
32:41 Pikeman
33:22 Squires
33:50 Gambesons
35:26 Chain Mail Armor
36:49 Halberdier
37:49 Elite Skirmisher
38:34 Elite Varangian Guard
39:00 Arson
40:42 Conscription
41:47 Plate Mail Armor
42:48 Bracer
42:49 Padded Archer Armor
43:25 Iron Casting
45:02 Logistica
45:36 Fervor
45:37 Redemption
45:50 Sanctity
45:47 Leather Archer Armor
50:02 Hoardings
49:59 Ring Archer Armor
49:52 Ballistics
49:28 Murder Holes
49:14 Treadmill Crane
建興法師
11:11 Feudal Age
13:02 Loom
15:37 Castle Age
13:58 Double-Bit Axe
17:10 Scale Barding Armor
21:19 Husbandry
25:34 Chain Barding Armor
30:24 Forging
31:02 Wheelbarrow
33:52 Imperial Age
32:10 Iron Casting
33:36 Hand Cart
36:53 Plate Barding Armor
36:06 Cavalier
39:39 Blast Furnace
41:24 Paladin
45:39 Caravan
48:15 Bow Saw
伐伐伐伐伐木工
0:53 Loom
11:25 Feudal Age
14:59 Castle Age
13:04 Double-Bit Axe
13:20 Horse Collar
18:48 Bow Saw
21:03 Wheelbarrow
30:56 Imperial Age
29:23 Hand Cart
30:11 Town Watch
30:50 Ballistics
30:56 Gold Mining
30:57 Onager
33:01 Chemistry
31:23 Pikeman
32:04 Squires
31:50 Arson
32:14 Scale Mail Armor
33:27 Chain Mail Armor
33:23 Forging
33:09 Halberdier
36:14 Plate Mail Armor
36:19 Iron Casting
42:22 Siege Engineers
42:27 Masonry
44:09 Siege Onager
44:52 Northmen's Fury
45:53 Conscription
46:15 Elite Varangian Guard
47:04 Fletching
50:58 Blast Furnace
StuRat
1:05 Loom
12:30 Feudal Age
14:08 Horse Collar
16:36 Castle Age
14:26 Double-Bit Axe
18:56 Heavy Plow
19:08 Bow Saw
23:14 Wheelbarrow
23:46 Fortified Wall
26:02 Hand Cart
25:40 Gold Mining
27:13 Gold Shaft Mining
30:21 Imperial Age
27:38 Town Watch
30:07 Padded Archer Armor
32:39 Chemistry
33:23 Two-Man Saw
32:16 Stone Mining
32:49 Leather Archer Armor
34:26 Onager
36:28 Ring Archer Armor
36:24 Ballistics
36:56 Town Patrol
37:36 Siege Engineers
38:56 Stone Shaft Mining
39:40 Fletching
42:15 Bodkin Arrow
42:47 Masonry
DESTINNI
1:50 Loom
10:10 Feudal Age
15:24 Castle Age
14:17 Double-Bit Axe
14:13 Horse Collar
15:29 Gold Mining
17:03 Bow Saw
16:54 Heavy Plow
25:46 Wheelbarrow
26:20 Town Watch
29:10 Imperial Age
26:56 Hand Cart
27:44 Coinage
30:30 Two-Man Saw
30:00 Crop Rotation
29:21 Stone Mining
30:07 Gold Shaft Mining
30:05 Banking
31:16 Stone Shaft Mining
32:49 Scale Barding Armor
32:54 Forging
33:00 Masonry
33:50 Bloodlines
33:41 Husbandry
33:02 Cavalier
34:03 Chain Barding Armor
34:25 Chain Barding Armor
33:32 Cavalier
35:08 Savar
38:16 Heavy Camel Rider
39:22 Fletching
40:20 Conscription
39:59 Bodkin Arrow
40:04 Padded Archer Armor
41:38 Plate Barding Armor
42:08 Kamandaran
42:24 Leather Archer Armor
42:34 Crossbowman
43:20 Thumb Ring
43:51 Iron Casting
遇事不决选天朝
7:02 Loom
9:33 Feudal Age
13:14 Wheelbarrow
12:40 Double-Bit Axe
15:52 Gold Mining
15:48 Horse Collar
20:59 Bloodlines
23:00 Castle Age
21:34 Scale Barding Armor
21:40 Forging
23:53 Heavy Plow
24:08 Bow Saw
24:44 Gold Shaft Mining
23:44 Capped Ram
25:10 Stone Mining
27:31 Hand Cart
28:29 Padded Archer Armor
28:19 Fletching
30:18 Ballistics
30:09 Masonry
30:07 Bodkin Arrow
30:28 Leather Archer Armor
32:47 Imperial Age
31:25 Murder Holes
33:18 Steppe Husbandry
34:09 Conscription
33:13 Elite Kipchak
34:29 Hoardings
34:58 Chemistry
34:31 Ring Archer Armor
34:54 Caravan
35:05 Guilds
36:48 Two-Man Saw
37:32 Cavalier
适合结婚的好妹妹
9:51 Feudal Age
12:33 Bloodlines
12:57 Forging
12:55 Scale Barding Armor
13:35 Bloodlines
14:04 Forging
18:57 Double-Bit Axe
19:14 Horse Collar
24:20 Castle Age
26:51 Gold Mining
31:30 Bow Saw
31:58 Gold Shaft Mining
31:45 Heavy Plow
34:29 Imperial Age
35:02 Wheelbarrow
34:54 Onager
36:18 Conscription
37:08 Hand Cart
36:21 Siege Onager
37:28 Northmen's Fury
39:09 Siege Engineers
40:06 Chemistry
39:40 Pikeman
40:21 Squires
40:06 Arson
40:25 Scale Mail Armor
41:00 Iron Casting
40:30 Halberdier
43:48 Chain Mail Armor
44:35 Blast Furnace
47:31 Plate Mail Armor
Connection lost

Rejoining the realm…

Still unreachable

The connection could not be restored.

Session expired

The server has moved on; the page needs a fresh start.